 Dungeon Crawl Stone Soup version 0.22-a0-274-gf8199ec (webtiles) character file.

147 roflturtle the Caller (level 5, -4/35 HPs)
             Began as a Vampire Wizard on Mar 6, 2018.
             Slain by Duvessa
             ... wielding a +0 rapier
              (9 damage)
             ... on level 4 of the Dungeon on Mar 13, 2018.
             The game lasted 00:14:46 (2711 turns).

roflturtle the Caller (Vampire Wizard)              Turns: 2711, Time: 00:14:46

Health: -4/35      AC:  4    Str:  6    XL:     5   Next: 8%
Magic:  4/9        EV: 12    Int: 21    God:
Gold:   195        SH:  0    Dex: 13    Spells: 3/10 levels left

rFire    + . .     SeeInvis +   p - +0 short sword (curse)
rCold    + + +     Gourm    .   (no shield)
rNeg     + + +     Faith    .   a - +0 robe
rPois    ∞         Spirit   .   b - +0 hat
rElec    .         Reflect  .   l - scarf {rC+ rF+}
rCorr    .         Harm     .   w - +0 pair of gloves
MR       .....                  i - +0 pair of boots
Stlth    ++++......             o - amulet of magic regeneration
HPRegen  0.00/turn              (no ring)
MPRegen  0.36/turn              (no ring)

@: bloodless, non-regenerating
A: fangs 3, see invisible, unbreathing
a: Bat Form


You were on level 4 of the Dungeon.
You were bloodless.

You visited 1 branch of the dungeon, and saw 4 of its levels.

You collected 195 gold pieces.

Inventory:

Hand Weapons
 h - a +3 dagger
 p - a cursed +0 short sword (weapon)
Missiles
 m - 8 tomahawks of dispersal (quivered)
 t - 8 javelins of returning
Armour
 a - a +0 robe (worn)
 b - a +0 hat (worn)
 i - a +0 pair of boots (worn)
 l - a scarf of resistance (worn)
 w - a +0 pair of gloves (worn)
Jewellery
 o - an amulet of magic regeneration (around neck)
 y - a +4 ring of strength {unknown}
Wands
 z - a wand of flame (26)
 A - a wand of paralysis (20)
Scrolls
 e - a scroll of fear
 g - a scroll of enchant weapon {unknown}
 j - 4 scrolls of teleportation
 s - a scroll of remove curse
 u - a scroll of immolation {unknown}
 v - 4 scrolls of identify
 B - a scroll of amnesia
Potions
 c - a potion of experience {unknown}
 d - 9 potions of blood
 f - a potion of magic {unknown}
 k - a potion of cancellation {unknown}
 n - a potion of heal wounds {unknown}
 q - a potion of degeneration {unknown}
 x - 3 potions of lignification {unknown}


   Skills:
 - Level 2.1 Dodging
 - Level 3.0 Stealth
 - Level 3.0 Spellcasting
 - Level 2.0 Conjurations
 + Level 0.0 Hexes
 - Level 4.0 Summonings
 - Level 1.2 Translocations


You had 3 spell levels left.
You knew the following spells:

 Your Spells              Type           Power        Failure   Level  Hunger
a - Magic Dart            Conj           ##..         6%          1    None
b - Call Imp              Summ           ###.....     3%          2    ##.....
c - Blink                 Tloc           N/A          12%         2    ##.....
d - Slow                  Hex            #.......     21%         2    ##.....


Dungeon Overview and Level Annotations

Branches:
Dungeon (4/15)
 Temple: D:4-7

Altars:
Elyvilon
Yredelemnul

Annotations:
D:2 Sigmund
D:4 Duvessa


Innate Abilities, Weirdness & Mutations

You do not heal naturally.
You are immune to poison.
You have razor-sharp teeth.
You have supernaturally acute eyesight. (SInv)
You can survive without breathing.


Message History

Your white imp hits Duvessa but does no damage.
You feel better. Duvessa misses you.
Your crimson imp blinks!
Your white imp hits Duvessa.
Your white imp freezes Duvessa.
Your white imp hits Duvessa.
Your white imp freezes Duvessa.
Duvessa hits you with a rapier.
* * * LOW HITPOINT WARNING * * *
You feel better. Duvessa hits you with a rapier!
* * * LOW HITPOINT WARNING * * *
Your white imp gestures at Duvessa.
The puff of frost hits Duvessa.
You swap places.
Something hits your white imp!
Your white imp dies!
Something hits your crimson imp. Something hits your crimson imp!
Your crimson imp dies!
Casting: Blink (safe; 12% risk of failure)
Confirm with . or Enter, or press ? or * to list all spells.
A beastly little devil appears in a puff of frigid air.
Duvessa hits you with a rapier!
You die...

#...#.####.##.....######
##...>............###
###.#.####.###......#
......# #.# #.##.#.#
###.######.###.##.#.###
#.# #.....#.##.....##
#.# #.....#.####....#
#.# #.....#(####5.#.#
#.# #..[..#..@e.....#
#.# #%....#######)###
..# ####### #.# ### ####
#.# ..# #.# #.# #.#
###(#####.# #§5.......#
#.##.#e#######


You could see Duvessa (berserk) and a friendly white imp.

Vanquished Creatures
  2 gnolls (D:4)
  A leopard gecko (D:3)
  An orc (D:3)
  2 bats
  2 giant cockroaches
  A goblin (D:1)
  4 hobgoblins
  A frilled lizard (D:2)
  5 kobolds
  4 rats
23 creatures vanquished.

Vanquished Creatures (collateral kills)
  The ghost of Bigslacks the Chopper, an amateur FoFi of Okawaru (D:4)
  Dowan (D:4)
  A worker ant (D:4)
  A gnoll (D:4)
  A worm (D:2)
  A bat (D:2)
  A hobgoblin (D:2)
  A frilled lizard (D:2)
  A rat (D:2)
9 creatures vanquished.

Grand Total: 32 creatures vanquished

Notes
Turn   | Place    | Note
-------+----------+-------------------------------------------
     0 | D:1      | roflturtle the Vampire Wizard began the quest for the Orb.
     0 | D:1      | Reached XP level 1. HP: 13/13 MP: 4/4
   258 | D:1      | Reached skill level 1 in Conjurations
   367 | D:1      | Upgraded the game from 0.22-a0-259-gdd11e71 to 0.22-a0-274-gf8199ec
   387 | D:1      | Reached XP level 2. HP: 19/19 MP: 3/6
  1081 | D:2      | Noticed a centaur
  1090 | D:1      | Learned a level 2 spell: Call Imp
  1093 | D:1      | Learned a level 2 spell: Blink
  1096 | D:1      | Learned a level 2 spell: Slow
  1554 | D:2      | Noticed Sigmund
  1687 | D:2      | Reached skill level 1 in Translocations
  1871 | D:3      | Reached XP level 3. HP: 13/24 MP: 0/7
  1980 | D:3      | Found a basalt altar of Yredelemnul.
  2251 | D:3      | Found a white marble altar of Elyvilon.
  2361 | D:4      | Reached skill level 2 in Summonings
  2363 | D:4      | Noticed Bigslacks's ghost (amateur FoFi)
  2415 | D:4      | Killed Bigslacks's ghost
  2415 | D:4      | Reached skill level 3 in Summonings
  2415 | D:4      | Reached XP level 4. HP: 21/30 MP: 8/8
  2645 | D:4      | Noticed Duvessa
  2654 | D:4      | Noticed Dowan
  2699 | D:4      | Killed Dowan
  2699 | D:4      | Reached skill level 4 in Summonings
  2699 | D:4      | Reached XP level 5. HP: 17/35 MP: 4/9
  2702 | D:4      | HP: 1/35 [Duvessa/rapier (6)]
  2711 | D:4      | Slain by Duvessa

Vault maps used:
D:1:      scummos_arrival_gate, serial_bayou_lagoon_a
D:2:      uniq_sigmund
D:3:      kennysheep_ying_yang, minmay_crystal_water
D:4:      minmay_temple_entry_junction, enter_ossuary_3, first_ration,
          uniq_duvessa, uniq_eustachio

Skill      XL: |  1  2  3  4 |
---------------+-------------+-----
Conjurations   | 1 2 |  2.0
Translocations | 1 |  1.2
Summonings     | 3 4 |  4.0
Dodging        | |  2.1
Stealth        | |  3.0
Spellcasting   | |  3.0

Action                   |  1- 3 |  4- 6 || total
-------------------------+-------+-------++-------
Melee: Unarmed           |     8 |       ||     8
       Bite              |     3 |     2 ||     5
       Short sword       |    34 |    14 ||    48
 Cast: Magic Dart        |    43 |       ||    43
       Call Imp          |    15 |    11 ||    26
       Blink             |       |     2 ||     2
  Use: Scroll            |     6 |       ||     6
       Potion            |     2 |     3 ||     5
 Stab: Sleeping          |     4 |       ||     4
       Distracted        |     2 |       ||     2
Armor: Robe              |    20 |     3 ||    23
Dodge: Dodged            |    43 |     8 ||    51

Table legend:
 A = Spawn XP
 B = Non-spawn XP
 C = Spawn XP percentage of total XP
 D = Spawn monster count
 E = Non-spawn monster count
 F = Spawn count percentage of total count
 G = Total turns spent on level
                    A         B        C        D         E        F      G
               +---------+---------+-------+---------+---------+-------+---------
         Total |       0 |     211 |   0.0 |       0 |      32 |   0.0 |  2711
               +---------+---------+-------+---------+---------+-------+---------
           D:1 |       0 |      17 |   0.0 |       0 |      11 |   0.0 |  1188
           D:2 |       0 |      13 |   0.0 |       0 |       9 |   0.0 |   600
           D:3 |       0 |      11 |   0.0 |       0 |       5 |   0.0 |   499
           D:4 |       0 |     170 |   0.0 |       0 |       7 |   0.0 |   424
               +---------+---------+-------+---------+---------+-------+---------
